Flames vs Avalanche

Created - Saturday, November 07, 2015 at 01:22

Goals
1 2 3 T
Flames 0 1 1 2
Avalanche 0 1 0 1
Shots
1 2 3 T
Flames 9 14 12 35
Avalanche 6 8 7 21

1st period

No Goal

Penalties :
Jason Zucker (Col) for Roughing (Minor) at 0:09, Dan Hamhuis (Col) for Diving (Minor) at 13:24

2nd period

1. Avalanche , Ryan O'Reilly 4 (Scott Hartnell) at 0:20
2. Flames , Martin St. Louis 3 (Jason Spezza, TJ Brodie) at 0:44

Penalties :
Lance Bouma (Cal) for Interference (Minor) at 3:04, Dan Hamhuis (Col) for Interference (Minor) at 5:28, Lance Bouma (Cal) for Tripping (Minor) at 9:16

3rd period

3. Flames , Martin St. Louis 4 (Brian Campbell, Sean Monahan) at 8:30 (PP)

Penalties :
Dan Hamhuis (Col) for Holding (Minor) at 7:38, Jakub Kindl (Col) for Roughing (Minor) at 13:06, Jason Spezza (Cal) for Tripping (Minor) at 13:11

Goalie Stats

Antti Niemi (Cal), 20 saves from 21 shots - (0.952), W, 6-4-2, 60:00 minutes
Eddie Lack (Col), 33 saves from 35 shots - (0.943), L, 6-2-0, 59:53 minutes

Players Stats for Flames

Player Name              G  A  P  +/- PIM S  H  SB GA TA FO     MP     PP MP  PK MP  
------------------------------------------------------------------------------------
Aleksander Barkov        0  0  0   0  0   2  2  0  1  0  9/12   15:23   0:00   2:09 
Brian Campbell           0  1  1   0  0   1  0  1  1  0  0/0    19:27   4:01   1:19 
Dougie Hamilton          0  0  0  -1  0   1  4  1  1  2  0/0    23:20   4:01   0:05 
Jaden Schwartz           0  0  0   0  0   5  2  0  4  0  1/1    16:52   3:46   0:00 
Jason Pominville         0  0  0   0  0   2  0  0  1  1  0/0    15:14   3:46   0:00 
Jason Spezza             0  1  1   0  2   0  0  0  3  0  12/16  16:58   3:45   0:00 
John Klingberg           0  0  0   1  0   2  0  1  0  1  0/0    19:27   2:53   0:00 
Johnny Gaudreau          0  0  0   0  0   1  0  0  5  0  0/0    15:51   3:08   0:15 
Kris Russell             0  0  0  -1  0   5  0  0  0  2  0/0    19:15   2:53   1:19 
Lance Bouma              0  0  0   0  4   2  0  0  0  0  0/1    10:44   0:00   0:00 
Martin St. Louis         2  0  2   0  0   3  1  1  2  0  0/2    18:02   3:08   0:05 
Michael Frolik           0  0  0   0  0   2  0  0  2  2  0/1    14:44   0:00   2:04 
Mikael Backlund          0  0  0   0  0   2  1  1  0  0  8/13   12:09   0:00   1:54 
Nick Spaling             0  0  0   0  0   0  0  0  0  0  0/0    11:06   0:00   1:39 
Reilly Smith             0  0  0   0  0   1  1  0  1  0  0/0    11:21   0:00   0:00 
Ryan Murray              0  0  0   0  0   2  2  0  0  1  0/0    15:49   0:00   2:39 
Sean Monahan             0  1  1   0  0   4  1  1  1  0  4/8    15:36   3:08   0:00 
TJ Brodie                0  1  1   1  0   0  2  2  0  2  0/0    22:42   0:00   2:44 

Players Stats for Avalanche

Player Name              G  A  P  +/- PIM S  H  SB GA TA FO     MP     PP MP  PK MP  
------------------------------------------------------------------------------------
Bobby Ryan               0  0  0   0  0   3  1  0  1  0  0/1    15:42   1:40   0:00 
Brad Stuart              0  0  0   0  0   1  2  1  0  2  0/0    22:06   0:00   4:20 
Clayton Stoner           0  0  0   0  0   2  2  1  1  3  0/0    18:52   0:00   4:20 
Dan Hamhuis              0  0  0   0  6   0  3  2  0  1  0/0    18:35   1:43   0:05 
Daniel Winnik            0  0  0   0  0   1  1  4  0  1  3/9    12:13   0:00   1:31 
David Pastrnak           0  0  0   0  0   4  0  0  0  0  0/1    13:14   1:43   0:00 
David Rundblad           0  0  0   0  0   0  0  1  0  0  0/0    19:09   0:00   2:34 
Jakub Kindl              0  0  0   0  2   0  2  1  2  2  0/0    22:42   2:20   2:29 
Jason Zucker             0  0  0   0  2   0  2  0  0  0  0/0    18:15   2:20   0:43 
Joffrey Lupul            0  0  0   0  0   2  1  0  3  0  0/0    13:04   2:23   0:00 
Mark Scheifele           0  0  0   0  0   0  1  0  1  0  6/9    14:59   2:23   0:00 
Matt Moulson             0  0  0   0  0   2  0  0  0  0  0/1     8:34   0:00   0:00 
Mikkel Boedker           0  0  0   0  0   2  0  0  2  0  0/0    16:56   2:28   0:00 
Rickard Rakell           0  0  0   0  0   1  2  0  0  0  1/8    11:44   0:05   0:08 
Ryan O'Reilly            1  0  1   0  0   2  0  2  1  2  9/24   21:49   1:35   6:04 
Scott Hartnell           0  1  1   0  0   1  2  1  7  0  1/1    21:07   1:35   5:22 
Valeri Nichushkin        0  0  0   0  0   0  1  1  0  0  0/0     8:34   0:00   0:00 
Zach Redmond             0  0  0   0  0   0  1  1  0  0  0/0    13:32   0:00   0:00 

3 Stars

1 - Martin St. Louis (Cal)
2 - Antti Niemi (Cal)
3 - Eddie Lack (Col)

Power Play

Flames - 1 on 5 Attempt(s) - 20.00%
Avalanche - 0 on 3 Attempt(s) - 0.00%

Penalty Kill

Flames - 3 on 3 Attempt(s) - 100.00% - Score 0 goal in Penalty Kill
Avalanche - 4 on 5 Attempt(s) - 80.00% - Score 0 goal in Penalty Kill

Team Stat

Flames - Hits : 16 - Faceoff Wins : 34 - Blocked Shots : 8 - Penalty Minutes : 6
Avalanche - Hits : 21 - Faceoff Wins : 20 - Blocked Shots : 15 - Penalty Minutes : 10

Official

Referees : Unknown
Linesman : Unknown

Game Notes

No Game Note

Finance

Level 1 -- Attendance: 5182 (86.37%) -- Ticket Income $440,470
Level 2 -- Attendance: 4629 (92.58%) -- Ticket Income $254,595
Level 3 -- Attendance: 1972 (98.60%) -- Ticket Income $59,160
Level 4 -- Attendance: 3090 (77.25%) -- Ticket Income $61,800
Luxury Box -- Attendance: 935 (93.50%) -- Ticket Income $149,600
Game was played at the Pepsi Center.
Total Attendance: 15808 (87.82%)
Total Ticket Income: $965,625
Other Income: $473,156
Total Income: $1,438,781

Flames

5 vs 5 Forward 
   Center                   Left Wing                Right Wing               Time % Phy DF OF 
 1 Jason Spezza             Jaden Schwartz           Martin St. Louis         30     0   1  4  
 2 Sean Monahan             Johnny Gaudreau          Jason Pominville         25     0   1  4  
 3 Aleksander Barkov        Reilly Smith             Michael Frolik           25     0   2  3  
 4 Mikael Backlund          Nick Spaling             Lance Bouma              20     1   2  2  

5 vs 5 Defense 
   Defense                  Defense                                           Time % Phy DF OF 
 1 TJ Brodie                John Klingberg                                    35     1   2  2  
 2 Kris Russell             Dougie Hamilton                                   30     1   2  2  
 3 Brian Campbell           Ryan Murray                                       25     1   2  2  
 4 TJ Brodie                Dougie Hamilton                                   10     1   2  2  

PowerPlay Forward 
   Center                   Left Wing                Right Wing               Time % Phy DF OF 
 1 Jason Spezza             Jaden Schwartz           Jason Pominville         50     0   0  5  
 2 Sean Monahan             Johnny Gaudreau          Martin St. Louis         50     0   0  5  

PowerPlay Defense
   Defense                  Defense                                           Time % Phy DF OF 
 1 Brian Campbell           Dougie Hamilton                                   50     0   1  4  
 2 Kris Russell             John Klingberg                                    50     0   1  4  

Penalty Kill 4 Players Forward 
   Center                   Wing                     Time % Phy DF OF 
 1 Aleksander Barkov        Michael Frolik           50     0   5  0  
 2 Mikael Backlund          Lance Bouma              50     0   5  0  

Penalty Kill 4 Players Defense
   Defense                  Defense                  Time % Phy DF OF 
 1 TJ Brodie                Ryan Murray              50     0   5  0  
 2 Kris Russell             Brian Campbell           50     0   5  0  

Penalty Kill - 3 Players Forward 
   Forward                                           Time % Phy DF OF 
 1 Aleksander Barkov                                 50     0   5  0  
 2 Mikael Backlund                                   50     0   5  0  

Penalty Kill - 3 Players Defense
   Defense                  Defense                  Time % Phy DF OF 
 1 TJ Brodie                Brian Campbell           50     0   5  0  
 2 Kris Russell             Ryan Murray              50     0   5  0  

4 vs 4 Forward 
   Center                   Wing                     Time % Phy DF OF 
 1 Jason Spezza             Martin St. Louis         50     1   2  2  
 2 Sean Monahan             Johnny Gaudreau          50     1   2  2  

4 vs 4 Defense
   Defense                  Defense                  Time % Phy DF OF 
 1 TJ Brodie                Dougie Hamilton          50     1   2  2  
 2 Brian Campbell           John Klingberg           50     1   2  2  

Last Minutes Offensive
   Center                   Left Wing                Right Wing               Defense                  Defense                  
   Jason Spezza             Jaden Schwartz           Martin St. Louis         John Klingberg           Dougie Hamilton          

Last Minutes Defensive
   Center                   Left Wing                Right Wing               Defense                  Defense                  
   Mikael Backlund          Lance Bouma              Michael Frolik           TJ Brodie                Kris Russell             

Goaltenders
Starting : Antti Niemi              
Backup : James Reimer             

Extra Forwards
Normal : Aleksander Barkov, Mikael Backlund, Nick Spaling - PP : Aleksander Barkov, Reilly Smith - PK : Nick Spaling
Extra Defensemen
Normal : Dougie Hamilton, TJ Brodie, Brian Campbell - PP : TJ Brodie - PK : Dougie Hamilton, Brian Campbell
Penalty Shots
Jason Spezza, Sean Monahan, Jason Pominville, Aleksander Barkov, Martin St. Louis

Avalanche

5 vs 5 Forward 
   Center                   Left Wing                Right Wing               Time % Phy DF OF 
 1 Ryan O'Reilly            Scott Hartnell           Jason Zucker             35     0   1  4  
 2 Mark Scheifele           Mikkel Boedker           Bobby Ryan               30     0   2  3  
 3 Daniel Winnik            David Pastrnak           Joffrey Lupul            22     0   2  3  
 4 Rickard Rakell           Matt Moulson             Valeri Nichushkin        13     0   2  3  

5 vs 5 Defense 
   Defense                  Defense                                           Time % Phy DF OF 
 1 Brad Stuart              Jakub Kindl                                       35     1   2  2  
 2 Dan Hamhuis              David Rundblad                                    30     1   2  2  
 3 Clayton Stoner           Zach Redmond                                      22     1   2  2  
 4 Brad Stuart              Jakub Kindl                                       13     1   2  2  

PowerPlay Forward 
   Center                   Left Wing                Right Wing               Time % Phy DF OF 
 1 Ryan O'Reilly            Scott Hartnell           Bobby Ryan               60     0   1  4  
 2 Mark Scheifele           Mikkel Boedker           Joffrey Lupul            40     0   2  3  

PowerPlay Defense
   Defense                  Defense                                           Time % Phy DF OF 
 1 Jakub Kindl              Jason Zucker                                      60     0   1  4  
 2 David Pastrnak           Dan Hamhuis                                       40     0   1  4  

Penalty Kill 4 Players Forward 
   Center                   Wing                     Time % Phy DF OF 
 1 Ryan O'Reilly            Scott Hartnell           60     1   2  2  
 2 Daniel Winnik            Jason Zucker             40     1   2  2  

Penalty Kill 4 Players Defense
   Defense                  Defense                  Time % Phy DF OF 
 1 Brad Stuart              Clayton Stoner           60     1   2  2  
 2 Dan Hamhuis              Jakub Kindl              40     1   2  2  

Penalty Kill - 3 Players Forward 
   Forward                                           Time % Phy DF OF 
 1 Ryan O'Reilly                                     60     1   2  2  
 2 Scott Hartnell                                    40     1   2  2  

Penalty Kill - 3 Players Defense
   Defense                  Defense                  Time % Phy DF OF 
 1 Brad Stuart              Dan Hamhuis              60     1   2  2  
 2 Clayton Stoner           Jakub Kindl              40     1   2  2  

4 vs 4 Forward 
   Center                   Wing                     Time % Phy DF OF 
 1 Ryan O'Reilly            Scott Hartnell           60     1   2  2  
 2 Mark Scheifele           Jason Zucker             40     1   2  2  

4 vs 4 Defense
   Defense                  Defense                  Time % Phy DF OF 
 1 Brad Stuart              Jakub Kindl              60     1   2  2  
 2 Clayton Stoner           Dan Hamhuis              40     1   2  2  

Last Minutes Offensive
   Center                   Left Wing                Right Wing               Defense                  Defense                  
   Ryan O'Reilly            Scott Hartnell           Bobby Ryan               Jason Zucker             Mikkel Boedker           

Last Minutes Defensive
   Center                   Left Wing                Right Wing               Defense                  Defense                  
   Ryan O'Reilly            Daniel Winnik            Mark Scheifele           Brad Stuart              Clayton Stoner           

Goaltenders
Starting : Eddie Lack               
Backup : Jack Campbell            

Extra Forwards
Normal : Jason Zucker, Scott Hartnell, Mikkel Boedker - PP : Jason Zucker, Scott Hartnell - PK : Jason Zucker
Extra Defensemen
Normal : Jakub Kindl, David Rundblad, Dan Hamhuis - PP : Jakub Kindl - PK : Jakub Kindl, David Rundblad
Penalty Shots
Joffrey Lupul, Ryan O'Reilly, Mikkel Boedker, Matt Moulson, Valeri Nichushkin

% Time on Ice - Flames

Lines # - Real PCT - Wanted PCT - Time Play
Normal Forward
1 - 30% - 30% - 13:44
2 - 25% - 25% - 11:49
3 - 24% - 25% - 11:21
4 - 20% - 20% - 9:27
Normal Defense
1 - 38% - 35% - 17:41
2 - 31% - 30% - 14:15
3 - 28% - 25% - 12:45
4 - 4% - 10% - 1:40
PP Forward
1 - 55% - 50% - 3:46
2 - 45% - 50% - 3:08
PP Defense
1 - 58% - 50% - 4:01
2 - 42% - 50% - 2:53
PK Forward
1 - 53% - 50% - 2:09
2 - 47% - 50% - 1:54
PK Defense
1 - 67% - 50% - 2:44
2 - 33% - 50% - 1:19
PK3 Forward
1 - 0% - 50%
2 - 0% - 50%
PK3 Defense
1 - 0% - 50%
2 - 0% - 50%
44 Forward
1 - 66% - 50% - 1:15
2 - 34% - 50% - 0:39
44 Defense
1 - 100% - 50% - 1:54
2 - 0% - 50% - 0:00
Last Minute Offensive  - 0:00
Last Minute Defensive  - 0:48
Total
Forward - 60:00
Defense - 60:00

% Time on Ice - Avalanche

Lines # - Real PCT - Wanted PCT - Time Play
Normal Forward
1 - 31% - 35% - 14:29
2 - 28% - 30% - 13:00
3 - 22% - 22% - 10:18
4 - 18% - 13% - 8:34
Normal Defense
1 - 31% - 35% - 14:13
2 - 34% - 30% - 15:53
3 - 29% - 22% - 13:32
4 - 6% - 13% - 2:43
PP Forward
1 - 41% - 60% - 1:40
2 - 59% - 40% - 2:23
PP Defense
1 - 58% - 60% - 2:20
2 - 42% - 40% - 1:43
PK Forward
1 - 78% - 60% - 5:23
2 - 22% - 40% - 1:31
PK Defense
1 - 63% - 60% - 4:20
2 - 37% - 40% - 2:34
PK3 Forward
1 - 0% - 60%
2 - 0% - 40%
PK3 Defense
1 - 0% - 60%
2 - 0% - 40%
44 Forward
1 - 100% - 60% - 1:54
2 - 0% - 40% - 0:00
44 Defense
1 - 68% - 60% - 1:18
2 - 32% - 40% - 0:36
Last Minute Offensive  - 0:48
Last Minute Defensive  - 0:00
Total
Forward - 60:00
Defense - 60:00

Play by Play

1st period


0:01 of 1st period - Jaden Schwartz wins face-off versus Ryan O'Reilly in neutral zone.
0:09 of 1st period - Minor Penalty to Jason Zucker for Roughing.
0:10 of 1st period - Jason Spezza wins face-off versus Ryan O'Reilly in Avalanche zone.
1:03 of 1st period - Sean Monahan is hit by Clayton Stoner.
2:08 of 1st period - Brian Campbell is hit by Rickard Rakell and loses puck.
2:09 of 1st period - Penalty to Jason Zucker is over, Jason Zucker is back on ice.
2:28 of 1st period - Slapshot by Michael Frolik.
2:28 of 1st period - Shot Misses the Net.
2:30 of 1st period - Wrist shot by Reilly Smith.
2:30 of 1st period - Shot Misses the Net.
2:32 of 1st period - Slapshot by TJ Brodie.
2:32 of 1st period - Deflect By Reilly Smith.
2:32 of 1st period - Stopped by Eddie Lack without a rebound.
2:33 of 1st period - Aleksander Barkov wins face-off versus Mark Scheifele in Avalanche zone.
2:47 of 1st period - Wrist shot by Bobby Ryan.
2:47 of 1st period - Stopped by Antti Niemi with a rebound.
2:49 of 1st period - Wrist shot by Mikkel Boedker.
2:49 of 1st period - Deflect By Mark Scheifele.
2:49 of 1st period - Shot Misses the Net.
2:49 of 1st period - Puck is out of play.
2:50 of 1st period - Mark Scheifele wins face-off versus Mikael Backlund in Flames zone.
2:51 of 1st period - Snap shot by Mikkel Boedker.
2:51 of 1st period - Stopped by Antti Niemi with a rebound.
2:53 of 1st period - Wrist shot by Mikkel Boedker.
2:53 of 1st period - Stopped by Antti Niemi without a rebound.
2:54 of 1st period - Mikael Backlund wins face-off versus Rickard Rakell in Flames zone.
3:31 of 1st period - Wrist shot by Mikael Backlund.
3:31 of 1st period - Shot Misses the Net.
4:29 of 1st period - Snap shot by Joffrey Lupul.
4:29 of 1st period - Stopped by Antti Niemi with a rebound.
4:31 of 1st period - Snap shot by Daniel Winnik.
4:31 of 1st period - Stopped by Antti Niemi with a rebound.
5:03 of 1st period - Snap shot by Mikkel Boedker.
5:03 of 1st period - Shot Blocked by Sean Monahan.
5:41 of 1st period - Icing by Ryan Murray.
5:42 of 1st period - Ryan O'Reilly wins face-off versus Michael Frolik in Flames zone.
6:09 of 1st period - Brian Campbell is hit by Jason Zucker and loses puck.
6:27 of 1st period - Off-side.
6:28 of 1st period - Daniel Winnik wins face-off versus Lance Bouma in neutral zone.
6:31 of 1st period - Snap shot by David Pastrnak.
6:31 of 1st period - Stopped by Antti Niemi with a rebound.
6:49 of 1st period - Snap shot by Mikael Backlund.
6:49 of 1st period - Shot Blocked by Daniel Winnik.
7:01 of 1st period - Slapshot by John Klingberg.
7:01 of 1st period - Shot Blocked by Clayton Stoner.
8:13 of 1st period - Snap shot by Jason Pominville.
8:13 of 1st period - Stopped by Eddie Lack with a rebound.
8:15 of 1st period - Snap shot by Sean Monahan.
8:15 of 1st period - Stopped by Eddie Lack without a rebound.
8:16 of 1st period - Aleksander Barkov wins face-off versus Ryan O'Reilly in Avalanche zone.
8:20 of 1st period - Icing by Jason Zucker.
8:21 of 1st period - Aleksander Barkov wins face-off versus Ryan O'Reilly in Avalanche zone.
9:30 of 1st period - Snap shot by Sean Monahan.
9:30 of 1st period - Shot Misses the Net.
9:38 of 1st period - Brian Campbell is hit by Brad Stuart.
10:36 of 1st period - TJ Brodie is hit by Rickard Rakell and loses puck.
10:45 of 1st period - Snap shot by Mikael Backlund.
10:45 of 1st period - Stopped by Eddie Lack without a rebound.
10:46 of 1st period - Rickard Rakell wins face-off versus Mikael Backlund in Avalanche zone.
11:19 of 1st period - Zach Redmond is hit by TJ Brodie and loses puck.
11:30 of 1st period - TJ Brodie is hit by Jason Zucker and loses puck.
12:26 of 1st period - Kris Russell is hit by Jakub Kindl and loses puck.
13:22 of 1st period - Wrist shot by Jaden Schwartz.
13:22 of 1st period - Shot Blocked by Daniel Winnik.
13:24 of 1st period - Minor Penalty to Dan Hamhuis for Diving.
13:25 of 1st period - Ryan O'Reilly wins face-off versus Jason Spezza in Avalanche zone.
13:31 of 1st period - Icing by Jaden Schwartz.
13:32 of 1st period - Jason Spezza wins face-off versus Ryan O'Reilly in Flames zone.
13:42 of 1st period - Snap shot by Kris Russell.
13:42 of 1st period - Stopped by Eddie Lack with a rebound.
13:44 of 1st period - Slapshot by Kris Russell.
13:44 of 1st period - Stopped by Eddie Lack without a rebound.
13:45 of 1st period - Jason Spezza wins face-off versus Ryan O'Reilly in Avalanche zone.
15:04 of 1st period - Slapshot by Jaden Schwartz.
15:04 of 1st period - Deflect By Brad Stuart.
15:04 of 1st period - Stopped by Eddie Lack without a rebound.
15:05 of 1st period - Jason Spezza wins face-off versus Daniel Winnik in Avalanche zone.
15:24 of 1st period - Penalty to Dan Hamhuis is over, Dan Hamhuis is back on ice.
15:31 of 1st period - Jakub Kindl is hit by Dougie Hamilton and loses puck.
16:14 of 1st period - Bobby Ryan is hit by Reilly Smith.
16:22 of 1st period - Mark Scheifele is hit by Aleksander Barkov and loses puck.
16:33 of 1st period - Backhand shot by Mikkel Boedker.
16:33 of 1st period - Shot Blocked by TJ Brodie.
16:57 of 1st period - Snap shot by Mikael Backlund.
16:57 of 1st period - Shot Misses the Net.
16:59 of 1st period - Slapshot by John Klingberg.
16:59 of 1st period - Stopped by Eddie Lack without a rebound.
17:00 of 1st period - Jason Spezza wins face-off versus David Pastrnak in Avalanche zone.
17:51 of 1st period - Zach Redmond is hit by Dougie Hamilton and loses puck.
17:59 of 1st period - TJ Brodie is hit by Valeri Nichushkin and loses puck.
18:30 of 1st period - Brad Stuart is hit by TJ Brodie and loses puck.
18:43 of 1st period - Brad Stuart is hit by Aleksander Barkov and loses puck.
19:30 of 1st period - Slapshot by Brian Campbell.
19:30 of 1st period - Shot Blocked by Jakub Kindl.
19:32 of 1st period - Snap shot by Lance Bouma.
19:32 of 1st period - Stopped by Eddie Lack without a rebound.
19:33 of 1st period - Mark Scheifele wins face-off versus Mikael Backlund in Avalanche zone.
Goals for this period are 0 for Flames vs 0 for Avalanche.
Shots for this period are 9 for Flames vs 6 for Avalanche.

2nd period


0:01 of 2nd period - Ryan O'Reilly wins face-off versus Martin St. Louis in neutral zone.
0:20 of 2nd period - Slapshot by Ryan O'Reilly.
0:20 of 2nd period - Goal by Ryan O'Reilly - Flames : 0 - Avalanche : 1.
0:21 of 2nd period - Jason Spezza wins face-off versus Ryan O'Reilly in neutral zone.
0:26 of 2nd period - Slapshot by Jaden Schwartz.
0:26 of 2nd period - Shot Blocked by Brad Stuart.
0:28 of 2nd period - Slapshot by TJ Brodie.
0:28 of 2nd period - Shot Misses the Net.
0:30 of 2nd period - Snap shot by Jaden Schwartz.
0:30 of 2nd period - Stopped by Eddie Lack without a rebound.
0:31 of 2nd period - Jason Spezza wins face-off versus Ryan O'Reilly in Avalanche zone.
0:34 of 2nd period - Snap shot by Jaden Schwartz.
0:34 of 2nd period - Shot Blocked by Ryan O'Reilly.
0:36 of 2nd period - Snap shot by TJ Brodie.
0:36 of 2nd period - Shot Blocked by Ryan O'Reilly.
0:44 of 2nd period - Snap shot by Martin St. Louis.
0:44 of 2nd period - Goal by Martin St. Louis - Flames : 1 - Avalanche : 1.
0:45 of 2nd period - Scott Hartnell wins face-off versus Martin St. Louis in neutral zone.
1:04 of 2nd period - Wrist shot by Jason Zucker.
1:04 of 2nd period - Shot Misses the Net.
1:06 of 2nd period - Slapshot by Ryan O'Reilly.
1:06 of 2nd period - Stopped by Antti Niemi without a rebound.
1:07 of 2nd period - Mark Scheifele wins face-off versus Aleksander Barkov in Flames zone.
1:33 of 2nd period - John Klingberg is hit by Dan Hamhuis and loses puck.
2:07 of 2nd period - Wrist shot by Martin St. Louis.
2:07 of 2nd period - Shot Misses the Net.
2:09 of 2nd period - Slapshot by Kris Russell.
2:09 of 2nd period - Shot Blocked by Dan Hamhuis.
2:11 of 2nd period - Slapshot by Dougie Hamilton.
2:11 of 2nd period - Shot Misses the Net.
2:13 of 2nd period - Snap shot by Martin St. Louis.
2:13 of 2nd period - Stopped by Eddie Lack with a rebound.
2:15 of 2nd period - Slapshot by Kris Russell.
2:15 of 2nd period - Shot Blocked by Daniel Winnik.
2:17 of 2nd period - Slapshot by Kris Russell.
2:17 of 2nd period - Stopped by Eddie Lack without a rebound.
2:18 of 2nd period - Sean Monahan wins face-off versus Ryan O'Reilly in Avalanche zone.
2:35 of 2nd period - Snap shot by Johnny Gaudreau.
2:35 of 2nd period - Shot Misses the Net.
3:04 of 2nd period - Minor Penalty to Lance Bouma for Interference.
3:05 of 2nd period - Mark Scheifele wins face-off versus Aleksander Barkov in Flames zone.
4:11 of 2nd period - Snap shot by Ryan O'Reilly.
4:11 of 2nd period - Shot Misses the Net.
4:13 of 2nd period - Snap shot by Bobby Ryan.
4:13 of 2nd period - Stopped by Antti Niemi without a rebound.
4:14 of 2nd period - Mikael Backlund wins face-off versus Ryan O'Reilly in Flames zone.
4:25 of 2nd period - Snap shot by Ryan O'Reilly.
4:25 of 2nd period - Deflect By Scott Hartnell.
4:25 of 2nd period - Shot Blocked by Brian Campbell.
4:25 of 2nd period - Puck is out of play.
4:26 of 2nd period - Aleksander Barkov wins face-off versus Bobby Ryan in Flames zone.
4:54 of 2nd period - Icing by Joffrey Lupul.
4:55 of 2nd period - Aleksander Barkov wins face-off versus Mark Scheifele in Avalanche zone.
4:56 of 2nd period - Wrist shot by Michael Frolik.
4:56 of 2nd period - Shot Hit the Post.
5:04 of 2nd period - Penalty to Lance Bouma is over, Lance Bouma is back on ice.
5:28 of 2nd period - Minor Penalty to Dan Hamhuis for Interference.
5:29 of 2nd period - Ryan O'Reilly wins face-off versus Sean Monahan in Avalanche zone.
5:36 of 2nd period - Slapshot by Scott Hartnell.
5:36 of 2nd period - Shot Blocked by Martin St. Louis.
6:00 of 2nd period - Slapshot by Johnny Gaudreau.
6:00 of 2nd period - Stopped by Eddie Lack with a rebound.
6:46 of 2nd period - Jason Zucker is hit by Jaden Schwartz.
7:01 of 2nd period - Scott Hartnell is hit by Sean Monahan and loses puck.
7:28 of 2nd period - Penalty to Dan Hamhuis is over, Dan Hamhuis is back on ice.
8:40 of 2nd period - Snap shot by David Pastrnak.
8:40 of 2nd period - Stopped by Antti Niemi without a rebound.
8:41 of 2nd period - Daniel Winnik wins face-off versus Mikael Backlund in Flames zone.
8:42 of 2nd period - Slapshot by David Pastrnak.
8:42 of 2nd period - Shot Misses the Net.
8:44 of 2nd period - Slapshot by Brad Stuart.
8:44 of 2nd period - Deflect By David Pastrnak.
8:44 of 2nd period - Stopped by Antti Niemi with a rebound.
8:54 of 2nd period - Mikael Backlund is hit by Joffrey Lupul.
9:16 of 2nd period - Minor Penalty to Lance Bouma for Tripping.
9:17 of 2nd period - Mikael Backlund wins face-off versus Mark Scheifele in Flames zone.
9:34 of 2nd period - Wrist shot by Joffrey Lupul.
9:34 of 2nd period - Stopped by Antti Niemi with a rebound.
9:58 of 2nd period - Snap shot by Scott Hartnell.
9:58 of 2nd period - Stopped by Antti Niemi without a rebound.
9:59 of 2nd period - Aleksander Barkov wins face-off versus Ryan O'Reilly in Flames zone.
9:59 of 2nd period - Aleksander Barkov is hit by Dan Hamhuis.
11:16 of 2nd period - Penalty to Lance Bouma is over, Lance Bouma is back on ice.
11:32 of 2nd period - Slapshot by Jaden Schwartz.
11:32 of 2nd period - Stopped by Eddie Lack with a rebound.
11:34 of 2nd period - Slapshot by Kris Russell.
11:34 of 2nd period - Stopped by Eddie Lack without a rebound.
11:35 of 2nd period - Jason Spezza wins face-off versus Rickard Rakell in Avalanche zone.
11:48 of 2nd period - Slapshot by Jaden Schwartz.
11:48 of 2nd period - Stopped by Eddie Lack without a rebound.
11:49 of 2nd period - Sean Monahan wins face-off versus Rickard Rakell in Avalanche zone.
12:51 of 2nd period - Daniel Winnik is hit by Martin St. Louis and loses puck.
13:24 of 2nd period - Slapshot by Brian Campbell.
13:24 of 2nd period - Deflect By Lance Bouma.
13:24 of 2nd period - Shot Misses the Net.
13:24 of 2nd period - Puck is out of play.
13:25 of 2nd period - Mikael Backlund wins face-off versus Ryan O'Reilly in Avalanche zone.
13:44 of 2nd period - Icing by Kris Russell.
13:45 of 2nd period - Mikael Backlund wins face-off versus Rickard Rakell in Flames zone.
14:02 of 2nd period - Slapshot by Kris Russell.
14:02 of 2nd period - Stopped by Eddie Lack without a rebound.
14:03 of 2nd period - Jason Spezza wins face-off versus Rickard Rakell in Avalanche zone.
14:12 of 2nd period - Snap shot by Jason Spezza.
14:12 of 2nd period - Shot Blocked by David Rundblad.
14:14 of 2nd period - Snap shot by Jaden Schwartz.
14:14 of 2nd period - Stopped by Eddie Lack with a rebound.
14:16 of 2nd period - Wrist shot by Martin St. Louis.
14:16 of 2nd period - Shot Misses the Net.
14:20 of 2nd period - Wrist shot by Martin St. Louis.
14:20 of 2nd period - Shot Misses the Net.
14:22 of 2nd period - Wrist shot by Ryan Murray.
14:22 of 2nd period - Shot Misses the Net.
14:24 of 2nd period - Snap shot by Brian Campbell.
14:24 of 2nd period - Stopped by Eddie Lack without a rebound.
14:25 of 2nd period - Mark Scheifele wins face-off versus Sean Monahan in Avalanche zone.
14:32 of 2nd period - Snap shot by Mark Scheifele.
14:32 of 2nd period - Shot Misses the Net.
14:44 of 2nd period - Snap shot by Sean Monahan.
14:44 of 2nd period - Deflect By Jason Pominville.
14:44 of 2nd period - Stopped by Eddie Lack without a rebound.
14:45 of 2nd period - Mark Scheifele wins face-off versus Sean Monahan in Avalanche zone.
14:53 of 2nd period - Off-side.
14:54 of 2nd period - Jason Spezza wins face-off versus Ryan O'Reilly in neutral zone.
15:41 of 2nd period - Aleksander Barkov is hit by Jakub Kindl and loses puck.
16:06 of 2nd period - Reilly Smith is hit by Brad Stuart and loses puck.
16:55 of 2nd period - Snap shot by David Pastrnak.
16:55 of 2nd period - Shot Misses the Net.
16:57 of 2nd period - Slapshot by Dan Hamhuis.
16:57 of 2nd period - Deflect By Joffrey Lupul.
16:57 of 2nd period - Shot Blocked by Dougie Hamilton.
16:57 of 2nd period - Puck is out of play.
16:58 of 2nd period - Daniel Winnik wins face-off versus Mikael Backlund in Flames zone.
17:51 of 2nd period - Snap shot by Ryan O'Reilly.
17:51 of 2nd period - Shot Misses the Net.
18:05 of 2nd period - Wrist shot by Scott Hartnell.
18:05 of 2nd period - Shot Misses the Net.
18:07 of 2nd period - Slapshot by Clayton Stoner.
18:07 of 2nd period - Stopped by Antti Niemi with a rebound.
18:09 of 2nd period - Snap shot by Scott Hartnell.
18:09 of 2nd period - Shot Misses the Net.
18:11 of 2nd period - Wrist shot by Ryan O'Reilly.
18:11 of 2nd period - Deflect By Scott Hartnell.
18:11 of 2nd period - Shot Blocked by TJ Brodie.
18:11 of 2nd period - Puck is out of play.
18:12 of 2nd period - Aleksander Barkov wins face-off versus Rickard Rakell in Flames zone.
18:37 of 2nd period - Slapshot by Matt Moulson.
18:37 of 2nd period - Shot Misses the Net.
18:47 of 2nd period - Snap shot by Aleksander Barkov.
18:47 of 2nd period - Stopped by Eddie Lack with a rebound.
19:19 of 2nd period - Wrist shot by Johnny Gaudreau.
19:19 of 2nd period - Shot Blocked by Valeri Nichushkin.
19:21 of 2nd period - Slapshot by Kris Russell.
19:21 of 2nd period - Shot Misses the Net.
19:23 of 2nd period - Snap shot by Sean Monahan.
19:23 of 2nd period - Shot Misses the Net.
19:25 of 2nd period - Snap shot by Sean Monahan.
19:25 of 2nd period - Shot Misses the Net.
19:27 of 2nd period - Slapshot by Dougie Hamilton.
19:27 of 2nd period - Shot Blocked by Zach Redmond.
19:29 of 2nd period - Slapshot by Dougie Hamilton.
19:29 of 2nd period - Stopped by Eddie Lack without a rebound.
19:30 of 2nd period - Jason Spezza wins face-off versus Ryan O'Reilly in Avalanche zone.
19:36 of 2nd period - Wrist shot by Jason Spezza.
19:36 of 2nd period - Shot Misses the Net.
Goals for this period are 1 for Flames vs 1 for Avalanche.
Shots for this period are 14 for Flames vs 8 for Avalanche.

3rd period


0:01 of 3rd period - Ryan O'Reilly wins face-off versus Jason Spezza in neutral zone.
0:06 of 3rd period - Slapshot by Scott Hartnell.
0:06 of 3rd period - Shot Misses the Net.
1:06 of 3rd period - Snap shot by Aleksander Barkov.
1:06 of 3rd period - Stopped by Eddie Lack without a rebound.
1:07 of 3rd period - Aleksander Barkov wins face-off versus Daniel Winnik in Avalanche zone.
1:18 of 3rd period - Slapshot by Michael Frolik.
1:18 of 3rd period - Stopped by Eddie Lack with a rebound.
1:20 of 3rd period - Snap shot by John Klingberg.
1:20 of 3rd period - Stopped by Eddie Lack with a rebound.
1:22 of 3rd period - Snap shot by Michael Frolik.
1:22 of 3rd period - Deflect By Reilly Smith.
1:22 of 3rd period - Shot Misses the Net.
1:22 of 3rd period - Puck is out of play.
1:23 of 3rd period - Sean Monahan wins face-off versus Daniel Winnik in Avalanche zone.
1:30 of 3rd period - Snap shot by Jason Pominville.
1:30 of 3rd period - Shot Misses the Net.
1:32 of 3rd period - Slapshot by Ryan Murray.
1:32 of 3rd period - Stopped by Eddie Lack with a rebound.
1:34 of 3rd period - Wrist shot by Sean Monahan.
1:34 of 3rd period - Stopped by Eddie Lack without a rebound.
1:35 of 3rd period - Ryan O'Reilly wins face-off versus Sean Monahan in Avalanche zone.
1:48 of 3rd period - Ryan Murray is hit by Scott Hartnell and loses puck.
1:57 of 3rd period - Brian Campbell is hit by Scott Hartnell and loses puck.
2:12 of 3rd period - Wrist shot by Scott Hartnell.
2:12 of 3rd period - Shot Misses the Net.
2:28 of 3rd period - Ryan Murray is hit by Mark Scheifele and loses puck.
2:50 of 3rd period - Brad Stuart is hit by Ryan Murray and loses puck.
3:13 of 3rd period - Snap shot by Michael Frolik.
3:13 of 3rd period - Stopped by Eddie Lack with a rebound.
4:17 of 3rd period - Slapshot by Mikael Backlund.
4:17 of 3rd period - Stopped by Eddie Lack without a rebound.
4:18 of 3rd period - Sean Monahan wins face-off versus Ryan O'Reilly in Avalanche zone.
4:23 of 3rd period - Wrist shot by Sean Monahan.
4:23 of 3rd period - Deflect By Scott Hartnell.
4:23 of 3rd period - Stopped by Eddie Lack with a rebound.
6:02 of 3rd period - Snap shot by Bobby Ryan.
6:02 of 3rd period - Shot Misses the Net.
6:46 of 3rd period - Snap shot by Mikael Backlund.
6:46 of 3rd period - Shot Blocked by Dan Hamhuis.
6:48 of 3rd period - Snap shot by Lance Bouma.
6:48 of 3rd period - Stopped by Eddie Lack with a rebound.
7:38 of 3rd period - Minor Penalty to Dan Hamhuis for Holding.
7:39 of 3rd period - Ryan O'Reilly wins face-off versus Jason Spezza in Avalanche zone.
7:48 of 3rd period - Jason Spezza is hit by Clayton Stoner and loses puck.
7:57 of 3rd period - Scott Hartnell is hit by Dougie Hamilton and loses puck.
8:22 of 3rd period - Slapshot by Sean Monahan.
8:22 of 3rd period - Stopped by Eddie Lack with a rebound.
8:24 of 3rd period - Snap shot by Sean Monahan.
8:24 of 3rd period - Shot Misses the Net.
8:26 of 3rd period - Slapshot by Brian Campbell.
8:26 of 3rd period - Shot Blocked by Scott Hartnell.
8:30 of 3rd period - Wrist shot by Martin St. Louis.
8:30 of 3rd period - Goal by Martin St. Louis - Flames : 2 - Avalanche : 1.
8:31 of 3rd period - Aleksander Barkov wins face-off versus Daniel Winnik in neutral zone.
8:48 of 3rd period - Snap shot by David Pastrnak.
8:48 of 3rd period - Stopped by Antti Niemi with a rebound.
8:57 of 3rd period - Slapshot by Daniel Winnik.
8:57 of 3rd period - Shot Misses the Net.
8:59 of 3rd period - Slapshot by Jakub Kindl.
8:59 of 3rd period - Deflect By David Pastrnak.
8:59 of 3rd period - Shot Blocked by John Klingberg.
8:59 of 3rd period - Puck is out of play.
9:00 of 3rd period - Jason Spezza wins face-off versus Matt Moulson in Flames zone.
9:00 of 3rd period - Jason Spezza is hit by Zach Redmond.
9:12 of 3rd period - Slapshot by Rickard Rakell.
9:12 of 3rd period - Stopped by Antti Niemi with a rebound.
9:14 of 3rd period - Slapshot by Clayton Stoner.
9:14 of 3rd period - Shot Misses the Net.
9:16 of 3rd period - Slapshot by Matt Moulson.
9:16 of 3rd period - Stopped by Antti Niemi with a rebound.
9:18 of 3rd period - Snap shot by Matt Moulson.
9:18 of 3rd period - Shot Misses the Net.
9:20 of 3rd period - Slapshot by Clayton Stoner.
9:20 of 3rd period - Stopped by Antti Niemi with a rebound.
9:22 of 3rd period - Snap shot by Zach Redmond.
9:22 of 3rd period - Deflect By Matt Moulson.
9:22 of 3rd period - Shot Misses the Net.
9:22 of 3rd period - Puck is out of play.
9:23 of 3rd period - Mikael Backlund wins face-off versus Daniel Winnik in Flames zone.
9:32 of 3rd period - Nick Spaling is hit by Daniel Winnik and loses puck.
9:37 of 3rd period - Slapshot by Joffrey Lupul.
9:37 of 3rd period - Deflect By David Pastrnak.
9:37 of 3rd period - Shot Misses the Net.
9:37 of 3rd period - Puck is out of play.
9:38 of 3rd period - Mikael Backlund wins face-off versus Daniel Winnik in Flames zone.
9:51 of 3rd period - Slapshot by John Klingberg.
9:51 of 3rd period - Shot Blocked by Daniel Winnik.
10:53 of 3rd period - Jaden Schwartz is hit by Dan Hamhuis and loses puck.
11:00 of 3rd period - David Rundblad is hit by Jaden Schwartz.
11:04 of 3rd period - Wrist shot by Scott Hartnell.
11:04 of 3rd period - Shot Misses the Net.
11:22 of 3rd period - Aleksander Barkov is hit by Bobby Ryan.
12:38 of 3rd period - Wrist shot by Matt Moulson.
12:38 of 3rd period - Stopped by Antti Niemi with a rebound.
13:01 of 3rd period - Slapshot by Dougie Hamilton.
13:01 of 3rd period - Shot Misses the Net.
13:06 of 3rd period - Minor Penalty to Jakub Kindl for Roughing.
13:07 of 3rd period - Ryan O'Reilly wins face-off versus Jason Spezza in Avalanche zone.
13:11 of 3rd period - Minor Penalty to Jason Spezza for Tripping.
13:12 of 3rd period - Ryan O'Reilly wins face-off versus Aleksander Barkov in Flames zone.
13:49 of 3rd period - Wrist shot by Ryan O'Reilly.
13:49 of 3rd period - Shot Misses the Net.
14:11 of 3rd period - Snap shot by Scott Hartnell.
14:11 of 3rd period - Shot Misses the Net.
14:27 of 3rd period - Dan Hamhuis is hit by Dougie Hamilton and loses puck.
15:06 of 3rd period - Penalty to Jakub Kindl is over, Jakub Kindl is back on ice.
15:11 of 3rd period - Penalty to Jason Spezza is over, Jason Spezza is back on ice.
15:12 of 3rd period - Wrist shot by Bobby Ryan.
15:12 of 3rd period - Stopped by Antti Niemi with a rebound.
15:34 of 3rd period - Slapshot by Brian Campbell.
15:34 of 3rd period - Shot Misses the Net.
15:36 of 3rd period - Slapshot by Ryan Murray.
15:36 of 3rd period - Stopped by Eddie Lack with a rebound.
16:26 of 3rd period - Clayton Stoner is hit by Ryan Murray.
19:44 of 3rd period - David Pastrnak is hit by Mikael Backlund and loses puck.
19:53 of 3rd period - Avalanche, Eddie Lack is pulled from the net.
19:53 of 3rd period - Wrist shot by Mikkel Boedker.
19:53 of 3rd period - Shot Blocked by Mikael Backlund.
19:55 of 3rd period - Snap shot by Brad Stuart.
19:55 of 3rd period - Stopped by Antti Niemi without a rebound.
19:56 of 3rd period - Ken Hitchcock call a timeout for Avalanche.
19:56 of 3rd period - Mikael Backlund wins face-off versus Rickard Rakell in Flames zone.
Goals for this period are 1 for Flames vs 0 for Avalanche.
Shots for this period are 12 for Flames vs 7 for Avalanche.